 Dungeon Crawl Stone Soup version 0.24.0-123-gd5b16e6ec5 (webtiles) character file.

Game seed: 9689862560072174807, levelgen mode: deterministic

129485 Curus the Bludgeoner (level 16, -8/238 HPs)
             Began as a Minotaur Berserker on Dec 21, 2019.
             Was the Champion of Trog.
             Mangled by a tentacle (11 damage)
             ... attached to a kraken
             ... on level 3 of the Shoals.
             The game lasted 02:11:35 (26669 turns).

Curus the Bludgeoner (Minotaur Berserker)          Turns: 26669, Time: 02:11:35

Health: -8/238     AC: 28    Str: 22    XL:     16   Next: 50%
Magic:  0/21       EV:  9    Int:  7    God:    Trog [******]
Gold:   2177       SH:  0    Dex: 22    Spells: 15/15 levels left

rFire    + + .     SeeInvis .   Q - +4 great mace "Beast's Curse" {crush, rPois Dex+5}
rCold    + . .     Gourm    .   (shield currently unavailable)
rNeg     + . .     Faith    .   R - +3 plate armour {rN+}
rPois    +         Spirit   +   h - +2 hat
rElec    .         Reflect  .   E - scarf {rC+ rF+}
rCorr    .         Harm     .   O - +2 pair of gloves
MR       +....                  d - +0 pair of boots
Stlth    ..........             K - amulet of guardian spirit
HPRegen  0.49/turn              a - ring "Xuovir" {+Fly Str-5 Dex+5 Slay+4 Stlth-}
MPRegen  0.17/turn              P - ring of protection from fire

@: berserking, flying, very quick
A: retaliatory headbutt, horns 2, poison resistance, weak 1
a: Berserk, Trog's Hand, Brothers in Arms, Renounce Religion, Stop Flying


You were on level 3 of the Shoals.
You worshipped Trog.
Trog was exalted by your worship.
You were near starving.

You visited 4 branches of the dungeon, and saw 26 of its levels.
You also visited: Ice Cave and Volcano.

You collected 2651 gold pieces.
You spent 474 gold pieces at shops.

Inventory:

Hand Weapons
 k - a +2 demon whip of venom
 y - a +6 eveningstar of draining
 Q - the +4 great mace "Beast's Curse" (weapon) {crush, rPois Dex+5}
   (Trog gifted it to you on level 6 of the Lair of Beasts)

   It inflicts extra damage upon your enemies.
   It affects your dexterity (+5).
   It protects you from poison.
Armour
 d - a +0 pair of boots (worn)
 h - a +2 hat (worn)
 i - a +3 buckler of fire resistance
 E - a scarf of resistance (worn)
 O - a +2 pair of gloves (worn)
 R - a +3 plate armour of positive energy (worn)
Jewellery
 a - the ring "Xuovir" (left hand) {+Fly Str-5 Dex+5 Slay+4 Stlth-}
   (You found it on level 10 of the Dungeon)

   [ring of attention]

   It affects your strength (-5).
   It affects your dexterity (+5).
   It affects your accuracy and damage with ranged weapons and melee attacks
   (+4).
   It lets you fly.
   It makes you less stealthy.
 b - an uncursed amulet of the acrobat
 o - an uncursed ring of ice
 F - an uncursed ring of ice
 H - a +3 ring of intelligence
 I - a +2 ring of intelligence
 K - an amulet of guardian spirit (around neck)
 L - an uncursed ring of attention
 P - a ring of protection from fire (right hand)
 W - an uncursed ring of poison resistance
Wands
 q - a wand of paralysis (10)
 v - a wand of scattershot (2)
 A - a wand of acid (13)
 C - a wand of random effects (19)
 G - a wand of enslavement (12)
 M - a wand of disintegration (21)
 N - a wand of polymorph (20)
 T - a wand of iceblast (15)
 X - a wand of flame (55)
 Z - a wand of digging (3)
Scrolls
 e - a scroll of summoning
 g - 19 scrolls of remove curse
 j - 6 scrolls of magic mapping
 m - 2 scrolls of enchant weapon
 p - 11 scrolls of teleportation
 t - a scroll of fog
 u - 12 scrolls of identify
 x - 2 scrolls of blinking
 D - 4 scrolls of fear
Potions
 f - a potion of magic
 l - a potion of resistance
 n - a potion of might
 r - 3 potions of berserk rage
 s - 9 potions of heal wounds
 w - a potion of agility
 B - 3 potions of haste
 J - 5 potions of curing
 Y - a potion of invisibility
Comestibles
 c - 39 rations


   Skills:
 - Level 18.4 Fighting
 * Level 19.3 Maces & Flails
 - Level 18.3 Armour
 - Level 2.1 Dodging
 - Level 4.5 Shields
 - Level 8.4 Evocations


You had 15 spell levels left.
You didn't know any spells.
Your spell library was empty.

Dungeon Overview and Level Annotations

Branches:
Dungeon (15/15)            Temple (0/1) D:5            Lair (6/6) D:9
 Shoals (3/4) Lair:3        Snake (0/4) Lair:4        Slime (0/5) Lair:6
    Orc (2/2) D:12            Elf (0/3) Orc:2        Vaults (0/5) D:14
 Depths (0/5) D:15          IceCv (visited)         Volcano (visited)

Altars:
Ashenzari
Cheibriados
Dithmenos
Elyvilon
Gozag
Qazlal
Sif Muna
Trog
Xom
The Shining One
Beogh
Jiyva

Shops:
D:5 ?   D:14 %   Orc:2 **[}

Portals:
Trove: D:14 (lose all piety)


Innate Abilities, Weirdness & Mutations

You reflexively headbutt those who attack you in melee.
You have a pair of horns on your head.
Your system is resistant to poisons. (rPois)
You are weak. (Str -2)


Message History

You hit the kraken. You headbutt the kraken.
The kraken is almost dead.
A tentacle segment bursts forth from the water.
The kraken bites you but does no damage.
The tentacle slaps you.
* * * LOW HITPOINT WARNING * * *
The tentacle slaps you!
* * * LOW HITPOINT WARNING * * *
The tentacle slaps you but does no damage. x2
You hit the kraken but do no damage. You headbutt the kraken!
The kraken is almost dead.
The kraken bites you but does no damage.
The tentacle slaps you but does no damage.
The tentacle barely misses you.
The tentacle slaps you but does no damage.
You hit the kraken.
You headbutt the kraken, but do no damage.
The kraken is almost dead.
The tentacle slaps you!
You die...

.≈≈≈≈≈≈≈≈≈≈≈≈≈≈≈≈≈≈≈..≈##.≈≈≈≈≈≈≈
≈≈≈≈≈≈≈≈≈≈≈≈≈≈≈≈≈≈≈..... .≈≈≈≈≈≈
≈≈≈≈≈≈≈≈≈...≈≈≈≈≈≈...... .≈≈≈
.≈≈≈≈.......≈≈≈≈≈≈.....≈
......#..###..≈≈≈≈..≈≈≈≈
.....##### ##.≈≈≈..≈≈.≈≈ .......#
##.[≈≈≈≈≈..≈≈ ......##
###...≈≈w≈≈≈≈≈≈≈≈≈ #...≈.#
#......@X≈≈≈≈≈≈≈≈≈ ###...#
#.....www≈≈≈≈≈≈≈≈≈ #...##
#......≈≈≈≈≈≈≈≈≈≈≈ ##.(##
#.......≈≈≈≈≈≈≈≈≈≈ #().#
#.......≈≈≈≈≈≈≈≈≈≈ ....##
##........)≈≈≈≈≈≈≈ ..[(.#
##....#...≈≈≈≈≈≈≈ ..(###
##..##..<≈≈≈≈≈≈≈ ...##
###P(P.≈≈≈≈≈≈≈≈


You could see a kraken and 4 tentacles.

Vanquished Creatures
  Gastronok (D:8)
  Roxanne (D:14)
  An orc warlord (Orc:2)
  A fire giant (D:15)
  An ironheart preserver (D:14)
  2 entropy weavers (Lair:5)
  Azrael (D:14)
  The ghost of haesbaert the Thaumaturge, a journeyman DrCj of Sif Muna (Lair:2)
  An ettin (Orc:2)
  Josephine (D:11)
  4 merfolk impalers
  An ogre mage (D:15)
  2 merfolk avatars (Shoals:2)
  3 centaur warriors
  11 hydras
  Erica (D:11)
  3 merfolk aquamancers
  9 two-headed ogres
  2 catoblepae
  A deep troll shaman (Lair:6)
  4 orc high priests (Orc:2)
  A queen ant (Lair:5)
  4 death yaks (Lair:6)
  6 tengu warriors
  A hell knight (Volcano)
  Nergalle (Lair:4)
  A salamander mystic (Volcano)
  3 sea snakes
  3 unseen horrors
  A lindwurm (Lair:6)
  7 harpies
  The ghost of Peloso the Carver, a novice MiFi of Okawaru (D:7)
  4 orc knights
  6 manticores
  A necromancer (IceCv)
  A wolf spider zombie (D:14)
  5 orc sorcerers (Orc:2)
  10 ugly things
  3 deep elf magi
  5 salamanders (Volcano)
  2 fauns (Shoals:1)
  4 cyclopes
  A torpor snail (Lair:6)
  3 black mambas
  4 elephants
  2 gargoyles
  3 centaur zombies
  2 water nymphs
  Psyche (D:8)
  4 ice statues (IceCv)
  5 komodo dragons
  9 spiny frogs
  2 efreet
  2 rime drakes (Lair:2)
  8 ice devils (IceCv)
  A yaktaur (shapeshifter) (D:15)
  A tengu conjurer (D:13)
  2 freezing wraiths
  A polar bear (Lair:4)
  10 trolls
  2 hornets
  5 merfolk
  A wind drake (Shoals:2)
  A meliai zombie (D:13)
  2 dream sheep (D:9)
  4 blink frogs (Lair:6)
  13 hippogriffs
  A snapping turtle (Lair:3)
  4 wraiths
  6 wyverns
  66 yaks
  2 spriggans
  A shadow (D:15)
  A vampire (D:11)
  9 water elementals
  6 fire bats (Volcano)
  Grum (D:11)
  2 basilisks
  6 hungry ghosts
  3 fire elementals (D:14)
  A steam dragon (D:9)
  6 vampire mosquitoes (D:14)
  Menkaure (D:7)
  4 wargs (Orc:2)
  6 soldier ants
  4 nagas (Lair:4)
  10 water moccasins
  2 two-headed ogre zombies (D:12)
  2 hell hounds (D:14)
  A meliai simulacrum (D:14)
  6 ice beasts
  3 sky beasts
  42 orc warriors
  15 porcupines
  7 black bears
  15 ogres
  3 phantoms
  2 necrophages
  12 wolves
  13 centaurs
  8 crocodiles
  Blork the orc (D:6)
  23 bullfrogs
  5 big kobolds
  A troll zombie (D:12)
  4 scorpions
  2 wyvern skeletons (D:13)
  11 killer bees
  10 wights
  An electric eel (Lair:5)
  A howler monkey (D:5)
  7 crimson imps
  6 lava snakes (Volcano)
  A bullfrog zombie (D:5)
  A quasit (D:11)
  Crazy Yiuf (D:7)
  2 draconian simulacra (IceCv)
  3 centaur skeletons
  4 hounds
  32 orc priests
  6 jellies
  10 iguanas
  A bullfrog skeleton (D:7)
  Ijyb (D:5)
  22 orc wizards
  3 troll simulacra (IceCv)
  13 worker ants
  A centaur simulacrum (IceCv)
  5 ogre zombies (D:12)
  A hound zombie (D:5)
  A worker ant zombie (D:10)
  5 gnolls
  16 adders
  2 naga simulacra (IceCv)
  2 ogre simulacra (IceCv)
  A shadow imp (D:15)
  A white imp (D:5)
  An ooze (D:2)
  3 adder skeletons
  2 worms
  8 dart slugs
  5 leopard geckos
  109 orcs
  12 bats
  2 giant cockroaches
  16 goblins
  11 hobgoblins
  13 jackals
  18 kobolds
  4 quokkas
  3 ball pythons
  2 frilled lizards
  4 goblin skeletons
  6 goblin zombies
  A hobgoblin skeleton (D:12)
  8 hobgoblin zombies
  A jackal skeleton (D:5)
  A jackal zombie (D:5)
  A kobold skeleton (D:5)
  3 orc skeletons (D:5)
  14 orc zombies (D:12)
  A quokka skeleton (D:8)
  7 rats
  A fungus (D:9)
946 creatures vanquished.

Vanquished Creatures (collateral kills)
  2 merfolk (Shoals:3)
  A polar bear (Lair:6)
  A spriggan (Lair:2)
4 creatures vanquished.

Vanquished Creatures (others)
  An orc (Orc:2)
  6 fungi
  12 plants
19 creatures vanquished.

Grand Total: 969 creatures vanquished

Notes
Turn   | Place    | Note
-------+----------+-------------------------------------------
     0 | D:1      | Curus the Minotaur Berserker began the quest for the Orb.
     0 | D:1      | Reached XP level 1. HP: 19/19 MP: 0/0
    49 | D:1      | Reached skill level 4 in Maces & Flails
    51 | D:1      | Reached XP level 2. HP: 9/26 MP: 1/1
   360 | D:1      | Reached skill level 5 in Maces & Flails
   388 | D:1      | Reached XP level 3. HP: 30/31 MP: 2/2
   837 | D:2      | Reached ** piety under Trog
   939 | D:2      | Reached skill level 6 in Maces & Flails
   939 | D:2      | Reached XP level 4. HP: 36/39 MP: 3/3
   993 | D:2      | Found a shadowy altar of Dithmenos.
  1444 | D:3      | Reached XP level 5. HP: 37/45 MP: 4/4
  1465 | D:3      | Reached skill level 7 in Maces & Flails
  1534 | D:3      | Found a snail-covered altar of Cheibriados.
  1561 | D:3      | Reached *** piety under Trog
  1834 | D:4      | Reached skill level 8 in Maces & Flails
  1839 | D:4      | Reached XP level 6. HP: 14/51 MP: 5/5
  2197 | D:4      | Found a snail-covered altar of Cheibriados.
  2347 | D:4      | Reached skill level 9 in Maces & Flails
  2526 | D:4      | Gained mutation: You are weak. (Str -2) [potion of
                  | mutation]
  2526 | D:4      | Gained mutation: Your system is resistant to poisons.
                  | (rPois) [potion of mutation]
  2700 | D:5      | Entered Level 5 of the Dungeon
  2783 | D:5      | Found a glowing golden altar of the Shining One.
  2848 | D:5      | Reached XP level 7. HP: 10/57 MP: 6/6
  2852 | D:5      | Reached skill level 10 in Maces & Flails
  3265 | D:5      | Found a staircase to the Ecumenical Temple.
  3300 | D:5      | Noticed Ijyb
  3314 | D:5      | Killed Ijyb
  3319 | D:5      | Reached **** piety under Trog
  3521 | D:5      | Reached skill level 11 in Maces & Flails
  3542 | D:5      | Reached XP level 8. HP: 35/62 MP: 7/7
  3957 | D:5      | Found Vekleiras's Magic Scroll Boutique.
  3962 | D:5      | Bought a scroll of teleportation for 45 gold pieces
  3962 | D:5      | Bought a scroll of teleportation for 45 gold pieces
  4083 | D:6      | Reached skill level 12 in Maces & Flails
  4090 | D:6      | HP: 3/64 [orc warrior/+0 trident (15)]
  4469 | D:6      | Reached skill level 13 in Maces & Flails
  4696 | D:6      | You fall into a shaft and drop 1 floor!
  4705 | D:7      | Found a stormy altar of Qazlal.
  4910 | D:7      | Reached XP level 9. HP: 62/70 MP: 8/8
  4930 | D:7      | Reached skill level 14 in Maces & Flails
  4945 | D:7      | Reached skill level 5 in Fighting
  5303 | D:7      | Reached skill level 5 in Armour
  5424 | D:7      | Reached XP level 10. HP: 58/86 MP: 9/9
  5494 | D:7      | Found a runed translucent door.
  5495 | D:7      | Noticed Crazy Yiuf
  6010 | D:6      | Found an opulent altar of Gozag.
  6114 | D:6      | Found a shattered altar of Ashenzari.
  6370 | D:6      | Noticed Blork the orc
  6376 | D:6      | Found a shimmering blue altar of Sif Muna.
  6393 | D:6      | Killed Blork the orc
  6436 | D:7      | Found a bloodstained altar of Trog.
  6455 | D:7      | Found a shimmering altar of Xom.
  6458 | D:7      | Found a white marble altar of Elyvilon.
  6473 | D:7      | Noticed Menkaure
  6486 | D:7      | Killed Menkaure
  6510 | D:7      | Noticed Peloso's ghost (novice MiFi)
  6543 | D:7      | Found a transporter.
  6547 | D:7      | Found a transporter.
  6716 | D:7      | Killed Crazy Yiuf
  6845 | D:7      | Reached ***** piety under Trog
  6885 | D:7      | Killed Peloso's ghost
  7136 | D:8      | Noticed Gastronok
  7154 | D:8      | Killed Gastronok
  7154 | D:8      | Reached skill level 10 in Fighting
  7154 | D:8      | Reached skill level 10 in Armour
  7367 | D:8      | Noticed Psyche
  7373 | D:8      | Killed Psyche
  7373 | D:8      | Reached XP level 11. HP: 98/101 MP: 10/10
  7732 | D:9      | Killed an unseen horror
  8369 | D:9      | Noticed a two-headed hydra
  8390 | D:9      | Killed a two-headed hydra
  8507 | D:9      | Found a staircase to the Lair.
  8521 | Lair:1   | Entered Level 1 of the Lair of Beasts
  8551 | Lair:1   | Reached skill level 1 in Shields
  8552 | Lair:1   | Reached skill level 1 in Evocations
  8571 | Lair:1   | Received a gift from Trog
  8863 | Lair:1   | Noticed a seven-headed hydra
  8873 | Lair:1   | Killed a seven-headed hydra
  8912 | Lair:1   | Reached XP level 12. HP: 79/113 MP: 13/13
  8919 | Lair:1   | Noticed a five-headed hydra
  8928 | Lair:1   | Killed a five-headed hydra
  9590 | Lair:2   | Noticed a five-headed hydra
  9602 | Lair:2   | Killed a five-headed hydra
  9953 | Lair:2   | Noticed a five-headed hydra
  9955 | Lair:2   | Found a dark tunnel.
  9965 | Lair:2   | Killed a five-headed hydra
 10078 | Volcano  | Entered a volcano
 10442 | Volcano  | Found a burning altar of Makhleb.
 10682 | Lair:2   | Found a runed translucent door.
 10682 | Lair:2   | Identified the +6 trident of Tension {freeze, *Slow +Inv
                  | rF- Int+9}
 10683 | Lair:2   | Noticed haesbaert's ghost (journeyman DrCj)
 11379 | Lair:2   | Killed haesbaert's ghost
 11907 | Lair:3   | Reached XP level 13. HP: 111/125 MP: 14/14
 12142 | Lair:3   | Found a staircase to the Shoals.
 12323 | Lair:4   | Reached skill level 15 in Fighting
 12441 | Lair:4   | Reached skill level 15 in Armour
 12555 | Lair:4   | Noticed Nergalle
 12571 | Lair:4   | Killed Nergalle
 12603 | Lair:4   | Found a staircase to the Snake Pit.
 13442 | Lair:5   | Reached ****** piety under Trog
 13754 | Lair:5   | Noticed an entropy weaver
 13756 | Lair:5   | Noticed an entropy weaver
 13764 | Lair:5   | Killed an entropy weaver
 13785 | Lair:5   | Killed an entropy weaver
 13861 | Lair:5   | Identified a scroll of acquirement
 14050 | Lair:6   | Entered Level 6 of the Lair of Beasts
 14051 | Lair:6   | Found a viscous altar of Jiyva.
 14051 | Lair:6   | Found a staircase to the Slime Pits.
 14085 | Lair:6   | Received a gift from Trog
 14088 | Lair:6   | Got an ancient great mace {god gift}
 14245 | Lair:6   | Reached XP level 14. HP: 125/138 MP: 15/15
 15706 | D:9      | Identified the +4 great mace "Beast's Curse" {crush, rPois
                  | Dex+5} (Trog gifted it to you on level 6 of the Lair of
                  | Beasts)
 15714 | D:10     | Entered Level 10 of the Dungeon
 16032 | D:10     | Got a vibrating amber ring
 16041 | D:10     | Identified the ring "Xuovir" {+Fly Str-5 Dex+5 Slay+4
                  | Stlth-} (You found it on level 10 of the Dungeon)
 16226 | D:11     | Noticed Josephine
 16238 | D:11     | Killed Josephine
 16247 | D:11     | Received a gift from Trog
 16354 | D:11     | Noticed Erica
 16361 | D:11     | Killed Erica
 16493 | D:11     | Found a frozen archway.
 16504 | IceCv    | Entered an ice cave
 17721 | D:11     | Noticed Grum
 17731 | D:11     | Killed Grum
 17803 | D:12     | Received a gift from Trog
 17812 | D:12     | Found a staircase to the Orcish Mines.
 17839 | Orc:1    | Entered Level 1 of the Orcish Mines
 18407 | Orc:2    | Entered Level 2 of the Orcish Mines
 19085 | Orc:2    | Found a staircase to the Elven Halls.
 19153 | Orc:2    | Noticed an orc warlord
 19174 | Orc:2    | Killed an orc warlord
 19174 | Orc:2    | Reached XP level 15. HP: 98/150 MP: 17/17
 19178 | Orc:2    | Received a gift from Trog
 19263 | Orc:2    | Reached skill level 5 in Evocations
 19330 | Orc:2    | Found Gizaschekhi's General Store.
 19620 | Orc:2    | Found a roughly hewn altar of Beogh.
 19641 | Orc:2    | Found Namnitre's Assorted Antiques.
 19660 | Orc:2    | Bought a scroll labeled AZALYA VETO for 24 gold pieces
 19660 | Orc:2    | Bought a runed hat for 168 gold pieces
 19660 | Orc:2    | Bought a wand of acid (6) for 192 gold pieces
 19746 | Orc:2    | Reached skill level 15 in Maces & Flails
 19885 | Orc:1    | Found a roughly hewn altar of Beogh.
 20190 | Orc:2    | Found a roughly hewn altar of Beogh.
 20242 | Orc:2    | Received a gift from Trog
 20616 | Orc:2    | Found Kedov's Gadget Emporium.
 20630 | Orc:2    | Found Zyeg's Antique Armour Shoppe.
 21901 | D:13     | Reached skill level 16 in Maces & Flails
 22321 | D:14     | Found a bloodstained altar of Trog.
 22358 | D:14     | Found a portal to a secret trove of treasure.
 22451 | D:14     | Noticed Azrael
 22464 | D:14     | Killed Azrael
 22478 | D:14     | Received a gift from Trog
 22777 | D:14     | Noticed Roxanne
 22821 | D:14     | Reached skill level 17 in Maces & Flails
 22823 | D:14     | HP: 11/225 [tengu warrior/+0 great mace (3)]
 23394 | D:14     | HP: 5/150 [vampire mosquito (6)]
 23429 | D:14     | Found a gate to the Vaults.
 23447 | D:14     | Found Xicem's Food Emporium.
 23660 | D:14     | Killed Roxanne
 23660 | D:14     | Reached XP level 16. HP: 35/159 MP: 19/21
 24000 | D:15     | Entered Level 15 of the Dungeon
 24071 | D:15     | Found a staircase to the Depths.
 24095 | D:15     | Paralysed by an ogre mage for 2 turns
 24205 | D:15     | Received a gift from Trog
 24427 | D:15     | Reached skill level 18 in Maces & Flails
 24937 | Shoals:1 | Entered Level 1 of the Shoals
 25897 | Shoals:2 | Reached skill level 19 in Maces & Flails
 26287 | Shoals:3 | HP: 4/159 [merfolk impaler/+2 vampiric trident (9)]
 26392 | Shoals:3 | Found a glowing golden altar of the Shining One.
 26650 | Shoals:3 | Noticed a kraken
 26667 | Shoals:3 | HP: 10/238 [tentacle[a kraken] (4)]
 26667 | Shoals:3 | HP: 3/238 [tentacle[a kraken] (7)]
 26669 | Shoals:3 | Mangled by a tentacle

Levels and vault maps discovered:
D:1:      kennysheep_arrival_forest, layout_basic, minmay_box_of_dots
D:2:      layout_rooms, grunt_dithmenos_smoke_and_mirrors, st_stairs_5
D:3:      layout_rooms, kennysheep_slug_shrine, corexii_item_surrounded_by_moat
D:4:      layout_basic, first_ration, lemuel_tele_altar
D:5:      layout_basic, nicolae_tso_besieged_by_evil, temple_doors_e,
          serial_shops, kennysheep_little_box, grunt_decor_resistance,
          serial_bayou_lagoon_a, uniq_ijyb
D:6:      layout_cave_pools, evilmike_ruin_ashenzari, tgw_sif,
          grunt_gozag_breadcrumbs
D:7:      layout_basic, grunt_temple_overflow_cloverleaf, gammafunk_ghost_hive,
          uniq_menkaure, uniq_crazy_yiuf_cottage
D:8:      layout_loops_ring, uniq_psyche, uniq_gastronok
D:9:      layout_cave_pools, grunt_lair_entry_orc_guard_hut, hangedman_ranch
          [blue_anna_fruit_fields], st_stairs_4, kennysheep_small_spiral,
          minivault_22
D:10:     minmay_the_grid_triangle_9x9_recursive_2_mashed
          [minmay_the_grid_triangle_9x9_prize_top_heavy,
          minmay_the_grid_triangle_9x9_flanged_cone,
          minmay_the_grid_triangle_9x9_checkered,
          minmay_the_grid_triangle_9x9_corrupted_corridor], layout_rooms,
          kennysheep_small_square
D:11:     layout_roguey, portal_ice_cave_entry_pillars_2,
          hangedman_decor_growths, uniq_erica, uniq_grum, uniq_josephine
D:12:     layout_irregular_city, zombieorc2_lemuel
D:13:     layout_loops_ring
D:14:     layout_loops_cross, skrybe_vaults_entry_preservation,
          nicolae_trove_entry_crossroad, minivault_25, basic_altar,
          serial_shops, nicolae_shop_stone, hangedman_aviary, uniq_azrael,
          uniq_roxanne
D:15:     grunt_enter_depths_giant_problem, layout_irregular_city,
          serial_park_square3 [serial_park_minivault_5x5_8]
Lair:1:   layout_roguey
Lair:2:   layout_hall_layers, nicolae_volcano_entry_lava_flow,
          ebering_ghost_funeral_grove, patterned_corridor
Lair:3:   layout_regular_city, minmay_shoals_entry_hut,
          infiniplex_staircase_pool_2
Lair:4:   layout_loops_ring, guppyfry_snake_entry_island,
          nicolae_quartered_pool_little, st_stairs_10,
          chequers_serial_rivers_micro_d, grunt_forest_stairs_clearing,
          serial_bayou_shore_a, uniq_nergalle
Lair:5:   layout_misc_corridors, fungi_pond_lemuel, wad_woods_antlair,
          grunt_megastairs_4
Lair:6:   grunt_lair_end_beastmaster, layout_regular_city, slime_altar_1,
          lemuel_fruit_tree
Shoals:1: layout_shoals
Shoals:2: layout_shoals
Shoals:3: layout_shoals, lemuel_altar_in_water
Orc:1:    layout_caves, mines1_david
Orc:2:    pubby_orc_utopia, serial_shops

Skill      XL: |  1  2  3  4  5  6  7  8  9 10 11 12 13 14 15 16 |
---------------+-------------------------------------------------+-----
Maces & Flails | 4 5 6 8 9 11 13 14 17 19 | 19.3
Fighting       | 7 10 12 14 16 18 | 18.4
Armour         | 7 10 12 14 16 18 | 18.3
Shields        | 3 4 |  4.5
Evocations     | 2 3 4 8 |  8.4
Dodging        | |  2.1

Action                   |  1- 3 |  4- 6 |  7- 9 | 10-12 | 13-15 | 16-18 || total
-------------------------+-------+-------+-------+-------+-------+-------++-------
Melee: Mace              |    66 |   132 |       |       |       |       ||   198
       Headbutt          |    12 |    29 |    38 |   139 |   258 |    61 ||   537
       Flail             |       |    53 |   234 |   731 |   467 |       ||  1485
       Great mace        |       |       |       |       |   772 |   220 ||   992
Invok: Berserk           |     1 |     2 |     4 |     6 |     6 |     3 ||    22
       Trog's Hand       |       |       |       |     1 |     2 |     3 ||     6
       Brothers in Arms  |       |       |       |     1 |       |     1 ||     2
 Abil: Evoke Flight      |       |       |       |       |     2 |    10 ||    12
Evoke: Wand              |       |       |       |     6 |     3 |       ||     9
  Use: Potion            |     3 |     3 |     2 |     6 |     4 |     2 ||    20
       Scroll            |     2 |     6 |     2 |     9 |    11 |     6 ||    36
 Stab: Distracted        |       |       |       |       |       |     1 ||     1
  Eat: Chunk             |     1 |     6 |     7 |    22 |    40 |     4 ||    80
       Ration            |       |       |     2 |     3 |     3 |     3 ||    11
Armor: Ring mail         |    17 |    51 |       |       |       |       ||    68
       Animal skin       |     1 |       |       |       |       |       ||     1
       Chain mail        |       |    16 |   109 |    19 |       |       ||   144
       Scale mail        |       |     1 |       |       |       |       ||     1
       Plate armour      |       |       |       |   355 |   921 |   266 ||  1542
Dodge: Dodged            |    38 |    68 |    71 |   188 |   452 |   124 ||   941
Block: Buckler           |       |    30 |    44 |   167 |   139 |       ||   380
